 Dungeon Crawl Stone Soup version 0.18.1-47-g9310371 (webtiles) character file.

10052 Sirdec the Severer (level 11, -8/86 HPs)
             Began as a Hill Orc Fighter on June 17, 2016.
             Was an Elder of Beogh.
             Mangled by an 11-headed hydra (12 damage)
             ... on level 2 of the Lair of Beasts on June 18, 2016.
             The game lasted 01:11:11 (10381 turns).

Sirdec the Severer (Hill Orc Fighter)              Turns: 10381, Time: 01:11:12

Health: -8/86      AC: 16    Str: 27    XL:     11   Next: 56%
Magic:  12/12      EV: 11    Int:  8    God:    Beogh [****..]
Gold:   576        SH: 13    Dex: 14    Spells: 0 memorised, 10 levels left

rFire  . . .     SeeInvis +     a - +0 war axe
rCold  + . .     Gourm    .     H - +3 scale mail of Forking Paths {-Tele rCorr Str+4 Dex+4}
rNeg   . . .     Faith    .     c - +0 shield
rPois  .         Spirit   .     (no helmet)
rElec  .         Dismiss  .     b - +1 cloak
rCorr  +         Reflect  .     (no gloves)
SustAt .         Harm     .     C - +0 pair of boots of Xom's Pride {rC+ MR+} (curse)
MR     +....     NoTele   +     h - amulet of rage (curse)
Stlth  +.........               (no ring)
                                p - ring of see invisible

@: somewhat resistant to hostile enchantments, very unstealthy
A: no striking features
a: Smiting, Recall Orcish Followers, Renounce Religion, Evoke Berserk Rage


You were on level 2 of the Lair of Beasts.
You worshipped Beogh.
Beogh was greatly pleased with you.
You were hungry.

You visited 3 branches of the dungeon, and saw 13 of its levels.

You collected 602 gold pieces.
You spent 26 gold pieces at shops.

Inventory:

Hand Weapons
 a - a +0 war axe (weapon)
 v - a +0 hunting sling
 T - a +0 battleaxe
Missiles
 j - 137 sling bullets
 m - 119 bolts
 r - 31 poisoned needles
 w - 449 stones
 J - 6 tomahawks (quivered)
Armour
 b - a +1 cloak (worn)
 c - a +0 shield (worn)
 C - the cursed +0 pair of boots of Xom's Pride (worn) {rC+ MR+}
   (You found it on level 10 of the Dungeon)

   It protects you from cold.
   It affects your resistance to hostile enchantments.
   It has a curse placed upon it.
 H - the +3 scale mail of Forking Paths (worn) {-Tele rCorr Str+4 Dex+4}
   (You found it on level 8 of the Dungeon)

   It affects your strength (+4).
   It affects your dexterity (+4).
   It prevents most forms of teleportation.
   It protects you from acid and corrosion.
 P - a +1 scale mail of cold resistance
Jewellery
 h - a cursed amulet of rage (around neck)
 p - a ring of see invisible (left hand)
Wands
 y - a wand of lightning (0/15)
 z - a wand of teleportation (5/9)
 K - a wand of iceblast (7/15)
Scrolls
 g - 2 scrolls of enchant armour {unknown}
 i - a scroll of magic mapping {unknown}
 k - 6 scrolls of identify
 n - 2 scrolls of random uselessness {unknown}
 q - 3 scrolls of noise {unknown}
 u - a scroll of recharging {unknown}
 x - 9 scrolls of remove curse {unknown}
 D - 2 scrolls of fear {unknown}
 F - 4 scrolls of teleportation {unknown}
 G - 3 scrolls of blinking {unknown}
 L - a scroll of fog {unknown}
 M - 3 scrolls of amnesia {unknown}
 N - 2 scrolls of immolation {unknown}
Potions
 d - a potion of might
 e - 2 potions of beneficial mutation {unknown}
 l - 3 potions of curing
 t - 4 potions of brilliance
 B - 2 potions of lignification {unknown}
 E - a potion of heal wounds {unknown}
 I - a potion of degeneration {unknown}
 O - 3 potions of agility
 R - a potion of ambrosia {unknown}
Books
 S - Heghoann's Compendium of Flames and Self-Improvement
   (You found it on level 9 of the Dungeon)

   Spells                             Type                      Level
   a - Swiftness                      Charms/Air                   2
   b - Shroud of Golubria             Charms/Translocation         2
   c - Spectral Weapon                Hexes/Charms                 3
   d - Inner Flame                    Hexes/Fire                   3
   e - Delayed Fireball               Conjuration/Fire             7
Miscellaneous
 Q - an ornate deck of defence
Comestibles
 f - 6 bread rations
 o - 5 meat rations
 s - 4 beef jerkies
 A - 12 royal jellies
 V - 9 fruits


   Skills:
 + Level 5.0 Fighting
 * Level 15.4 Axes
 + Level 8.7 Armour
 + Level 3.0 Dodging
 + Level 1.4 Stealth
 + Level 10.2 Shields
 - Level 2.1 Invocations
 + Level 1.2 Evocations


You had 10 spell levels left.
You didn't know any spells.

Dungeon Overview and Level Annotations

Branches:
Dungeon (10/15)            Temple (1/1) D:5            Lair (2/8) D:10
    Orc: D:9-12

Altars:
Ashenzari
Cheibriados
Dithmenos
Elyvilon
Fedhas
Gozag
Kikubaaqudgha
Makhleb
Nemelex Xobeh
Okawaru
Pakellas
Qazlal
Ru
Sif Muna
Trog
Vehumet
Xom
Yredelemnul
Zin
The Shining One
Jiyva

Shops:
D:5 ?


Message History

The 11-headed hydra is heavily wounded.
Nordag hits the 11-headed hydra with an uncursed dagger.
You block the 11-headed hydra's attack. x2
The 11-headed hydra bites you but does no damage.
You block the 11-headed hydra's attack. The 11-headed hydra bites you. x2
The 11-headed hydra bites you!
* * * LOW HITPOINT WARNING * * *
You block the 11-headed hydra's attack.
The 11-headed hydra bites you but does no damage.
The 11-headed hydra bites you!
* * * LOW HITPOINT WARNING * * *
The 11-headed hydra closely misses you.
Nordag hits the 11-headed hydra but does no damage.
Your orc knight hits the 11-headed hydra with a mace.
You hit the 11-headed hydra but do no damage.
The 11-headed hydra is heavily wounded.
The 11-headed hydra bites you.
* * * LOW HITPOINT WARNING * * *
The 11-headed hydra bites you!
You die...

## .....P ##..
#...... +....
#......P P. ..P.
..(....P ..##.
.#........
#..#.#+.#r.....t
##........D......
#........@oo.....
#................
.
#...............
.
#...............
.
#...............
.
#...............
.
#...............
#
#.#.†#†..+##....
# #..##.###.#
..... .


You could see a 11-headed hydra, a crocodile, a porcupine, a friendly orc knight
and the friendly Nordag the orc wizard (invisible).

Vanquished Creatures
  Erica (D:8)
  The ghost of Thrillho the Thaumaturge, a novice DEFE (D:8)
  Pikel (D:7)
  Maurice (D:8)
  A spiny frog (Lair:2)
  A gargoyle (D:10)
  A rime drake (Lair:2)
  A komodo dragon (Lair:1)
  Prince Ribbit (D:5)
  3 yaks
  2 porcupines
  2 water moccasins (Lair:1)
  2 orc warriors
  4 sky beasts
  4 ice beasts
  5 ogres
  2 black bears (D:9)
  A necrophage (D:9)
  3 phantoms
  4 centaurs
  A crocodile (Lair:2)
  5 giant frogs
  A big kobold (D:7)
  A gnoll sergeant (D:8)
  A wyvern zombie (D:6)
  2 scorpions
  The ghost of sarahorange the Charmwright, a weakling DrSk (D:3)
  6 killer bees (D:8)
  4 wights
  4 howler monkeys
  3 giant frog zombies
  2 crimson imps
  3 centaur skeletons
  4 hounds
  4 jellies
  2 giant frog skeletons (D:4)
  4 orc priests
  6 iguanas
  8 worker ants
  6 orc wizards
  A sheep (Lair:1)
  A hound zombie (D:8)
  A hound skeleton (D:8)
  A howler monkey zombie (D:6)
  4 gnolls (D:8)
  5 river rats (Lair:2)
  8 adders
  2 shadow imps
  6 oozes
  An adder zombie (D:9)
  2 worms (D:2)
  3 dart slugs
  2 giant geckos
  25 orcs
  4 giant cockroaches
  6 goblins
  2 hobgoblins
  25 jackals
  6 quokkas
  A ball python zombie (D:6)
  7 bats
  4 giant newts
  6 kobolds
  7 rats
239 creatures vanquished.

Vanquished Creatures (collateral kills)
  A hydra (Lair:2)
  2 yaks
  A hippogriff (Lair:2)
  A porcupine (Lair:1)
  A water moccasin (Lair:1)
  2 giant frogs
  An orc wizard (D:10)
  An iguana (D:10)
  A worker ant (D:10)
  4 sheep (Lair:1)
  A river rat (Lair:2)
  2 orcs (D:10)
  A fungus (Lair:1)
19 creatures vanquished.

Vanquished Creatures (others)
  An orc knight (Lair:2)
  An orc priest (D:4)
  An orc wizard (D:4)
  An orc (D:10)
  A quokka (D:8)
5 creatures vanquished.

Grand Total: 263 creatures vanquished

Notes
Turn   | Place    | Note
--------------------------------------------------------------
     0 | D:1      | Sirdec the Hill Orc Fighter began the quest for the Orb.
     0 | D:1      | Reached XP level 1. HP: 19/19 MP: 1/1
     3 | D:1      | Noticed an electric eel
     3 | D:1      | Noticed an electric eel
   116 | D:1      | Reached skill level 3 in Axes
   116 | D:1      | Reached XP level 2. HP: 19/26 MP: 2/2
   593 | D:1      | Reached XP level 3. HP: 30/31 MP: 3/3
   745 | D:2      | Reached skill level 4 in Axes
  1037 | D:2      | Found a radiant altar of Vehumet.
  1529 | D:2      | Reached XP level 4. HP: 33/39 MP: 4/4
  1662 | D:3      | Reached skill level 5 in Axes
  1770 | D:3      | Reached XP level 5. HP: 36/45 MP: 5/5
  1935 | D:3      | Noticed sarahorange's ghost (weakling DrSk)
  1952 | D:3      | Killed sarahorange's ghost
  2077 | D:3      | Found a sparkling altar of Nemelex Xobeh.
  2077 | D:3      | Found an ancient bone altar of Kikubaaqudgha.
  2554 | D:4      | Noticed a phantom
  2586 | D:4      | Killed a phantom
  2586 | D:4      | Reached skill level 6 in Axes
  2586 | D:4      | Reached XP level 6. HP: 31/51 MP: 6/6
  2904 | D:4      | Found a sacrificial altar of Ru.
  2952 | D:4      | Became a worshipper of Beogh the Brigand
  3055 | D:4      | Reached skill level 7 in Axes
  3055 | D:4      | Reached skill level 5 in Armour
  3055 | D:4      | Reached skill level 5 in Shields
  3055 | D:4      | Reached XP level 7. HP: 38/57 MP: 7/7
  3305 | D:5      | Entered Level 5 of the Dungeon
  3337 | D:5      | Noticed Prince Ribbit
  3380 | D:5      | Found Pigiteqa's Magic Scroll Emporium.
  3404 | D:5      | Killed Prince Ribbit
  3404 | D:5      | Reached skill level 8 in Axes
  3467 | D:5      | Bought a scroll of identify for 26 gold pieces
  3599 | D:5      | Found a bloodstained altar of Trog.
  3622 | D:5      | Found a staircase to the Ecumenical Temple.
  3700 | D:5      | Reached XP level 8. HP: 43/64 MP: 8/8
  3715 | D:5      | Reached skill level 9 in Axes
  3813 | D:5      | Reached * piety under Beogh
  4041 | Temple   | Entered the Ecumenical Temple
  4414 | D:6      | Found a glowing golden altar of the Shining One.
  4470 | D:6      | Reached skill level 10 in Axes
  5064 | D:6      | Reached XP level 9. HP: 70/70 MP: 9/9
  5085 | D:6      | Reached skill level 11 in Axes
  5356 | D:6      | Reached skill level 1 in Dodging
  5525 | D:6      | Reached ** piety under Beogh
  6174 | D:7      | Reached skill level 12 in Axes
  6782 | D:7      | Noticed Pikel
  6805 | D:7      | Killed Pikel
  6805 | D:7      | Reached XP level 10. HP: 77/77 MP: 10/10
  6936 | D:8      | Reached skill level 13 in Axes
  7181 | D:8      | Noticed Erica
  7192 | D:8      | Killed Erica
  7267 | D:8      | Found a glowing golden altar of the Shining One.
  7329 | D:8      | Found a blossoming altar of Fedhas.
  7343 | D:8      | Found an iron altar of Okawaru.
  7344 | D:8      | Found a basalt altar of Yredelemnul.
  7345 | D:8      | Found a shadowy altar of Dithmenos.
  7454 | D:8      | Reached *** piety under Beogh
  7493 | D:8      | Got a jade-encrusted scale mail
  7504 | D:8      | Identified the +3 scale mail of Forking Paths {-Tele rCorr Str+4 Dex+4} (You found it on level 8 of the Dungeon)
  7554 | D:8      | Noticed Maurice
  7570 | D:8      | Killed Maurice
  7572 | D:8      | Noticed Thrillho's ghost (novice DEFE)
  7584 | D:8      | Killed Thrillho's ghost
  7584 | D:8      | Reached skill level 14 in Axes
  7685 | D:9      | Reached skill level 1 in Evocations
  7691 | D:9      | Identified Heghoann's Compendium of Flames and Self-Improvement
  8171 | D:9      | Found a viscous altar of Jiyva.
  8348 | D:10     | Entered Level 10 of the Dungeon
  8405 | D:10     | Reached **** piety under Beogh
  8565 | D:10     | Reached skill level 1 in Invocations
  8660 | D:10     | Found an oddly glowing altar of Pakellas.
  8660 | D:10     | Noticed a gargoyle
  8678 | D:10     | Killed a gargoyle
  8678 | D:10     | Reached XP level 11. HP: 19/84 MP: 10/12
  9009 | D:10     | Found a staircase to the Lair.
  9020 | D:10     | Got a pair of scorched boots
  9021 | D:10     | Identified the cursed +0 pair of boots of Xom's Pride {rC+ MR+} (You found it on level 10 of the Dungeon)
  9234 | Lair:1   | Entered Level 1 of the Lair of Beasts
  9244 | Lair:1   | Reached skill level 10 in Shields
  9677 | Lair:1   | Reached skill level 1 in Stealth
  9681 | Lair:1   | Reached skill level 15 in Axes
  9990 | Lair:2   | Noticed a five-headed hydra
 10002 | Lair:2   | Killed an eight-headed hydra
 10251 | Lair:2   | Reached skill level 5 in Fighting
 10363 | Lair:2   | Gained Nordag as an ally
 10368 | Lair:2   | Noticed a six-headed hydra
 10380 | Lair:2   | HP: 4/86 [11-headed hydra (12)]
 10381 | Lair:2   | Mangled by an 11-headed hydra

Skill      XL: |  1  2  3  4  5  6  7  8  9 10 11 |
---------------+----------------------------------+-----
Axes           | 3 4 5 6 7 8 10 12 14 15 | 15.4
Shields        | 4 5 6 8 9 10 | 10.2
Armour         | 4 5 6 7 8 |  8.7
Dodging        | 1 2 3 |  3.0
Evocations     | 1 |  1.2
Invocations    | 1 2 |  2.1
Fighting       | 4 5 |  5.0
Stealth        | 1 |  1.4

Action                   |  1- 3 |  4- 6 |  7- 9 | 10-12 || total
-------------------------+-------+-------+-------+-------++-------
Melee: War axe           |   112 |   164 |   373 |   414 ||  1063
Throw: Tomahawk          |       |     3 |     3 |       ||     6
Invok: Convert to Beogh  |       |     1 |       |       ||     1
 Abil: Evoke Berserk Rag |       |       |     2 |     2 ||     4
Evoke: Wand              |       |     1 |     3 |       ||     4
  Use: Potion            |       |     1 |     2 |       ||     3
       Scroll            |       |       |       |     3 ||     3
 Stab: Distracted        |       |       |       |     4 ||     4
       Confused          |       |       |       |     1 ||     1
  Eat: Chunk             |     2 |     2 |     7 |     7 ||    18
       Bread ration      |       |     1 |     1 |     1 ||     3
       Fruit             |       |       |       |     3 ||     3
Armor: Scale mail        |    68 |    53 |       |   119 ||   240
       Chain mail        |       |    22 |   139 |    27 ||   188
Dodge: Dodged            |    42 |    40 |    55 |   103 ||   240
Block: Shield            |    66 |    83 |   171 |   236 ||   556
